[Event "ICC tourney 2533 (25 5)"]
[Site "Internet Chess Club"]
[Date "2021.04.24"]
[Round "2"]
[White "JEYANANDARAJAN, ROHAN:K09-15310288"]
[Black "BYRD, JONATHAN:K09-15330261"]
[Result "1-0"]
[ICCResult "Black checkmated"]
[WhiteElo "434"]
[BlackElo "952"]
[Opening "Evans gambit"]
[ECO "C51"]
[NIC "IG.05"]
[Time "13:12:31"]
[PlyCount "61"]
[TimeControl "1500+5"]

1. e4 e5 2. Nf3 Nc6 3. Bc4 Bc5 4. b4 Bxb4 5. c3 Bc5 6. d4 exd4 7. cxd4 Bb4+
8. Bd2 Nf6 9. e5 Ne4 10. Bxb4 Nxb4 11. O-O d5 12. exd6 Qxd6 13. Qa4+ Nc6
14. d5 Nc5 15. Qb5 Bd7 16. dxc6 Bxc6 17. Qb2 O-O 18. Re1 Rfe8 19. Nc3 Rxe1+
20. Rxe1 b5 21. Nxb5 Bxb5 22. Bxb5 Rb8 23. h3 c6 24. Qe2 cxb5 25. Nd4 h6
26. Nxb5 Nd3 27. Nxd6 Nxe1 28. Qxe1 Kf8 29. Qe3 Rb1+ 30. Kh2 Rb2 31. Qe8# {
Black checkmated } 1-0

[Event "ICC tourney 2533 (25 5)"]
[Site "Internet Chess Club"]
[Date "2021.04.24"]
[Round "2"]
[White "WU, ANDREW:K09-16967853"]
[Black "MUKHERJEE, ABHIRUP:K09-17149023"]
[Result "1-0"]
[ICCResult "Black checkmated"]
[WhiteElo "1532"]
[BlackElo "672"]
[Opening "Giuoco Pianissimo"]
[ECO "C55"]
[NIC "IG.01"]
[Time "13:11:52"]
[PlyCount "121"]
[TimeControl "1500+5"]

1. e4 e5 2. Nf3 Nc6 3. Bc4 Nf6 4. d3 Bc5 5. O-O h6 6. Nbd2 d6 7. c3 d5 8.
exd5 Nxd5 9. Qb3 Na5 10. Qb5+ Nc6 11. Qxc5 Be6 12. Re1 f6 13. d4 Qd6 14.
Qxd6 cxd6 15. dxe5 dxe5 16. Ne4 O-O-O 17. b3 Rhe8 18. Ba3 Nf4 19. Nd6+ Rxd6
20. Bxd6 Bxc4 21. bxc4 Nd3 22. Red1 Nb2 23. Re1 Nxc4 24. Rad1 Na3 25. Bxa3
Na5 26. Bb4 Nc4 27. Kf1 a5 28. Bc5 Re6 29. Nd4 Re8 30. Nf5 g6 31. Nd6+ Nxd6
32. Rxd6 Rf8 33. Rc6+ bxc6 34. Bxf8 Kc7 35. Bxh6 Kb6 36. Bg7 f5 37. Bxe5
Kc5 38. Bd4+ Kb5 39. Re6 c5 40. Re5 Ka4 41. Rxc5 Ka3 42. Rxa5+ Kb2 43. c4+
Kc2 44. Bc3 Kxc3 45. c5 Kb4 46. c6 Kxa5 47. c7 Kb6 48. c8=Q f4 49. g3 f3
50. h4 g5 51. a4 Ka5 52. Qc4 Kb6 53. Qb5+ Kc7 54. Qa6 Kb8 55. Qc6 Ka7 56.
Qb5 Ka8 57. h5 g4 58. h6 Ka7 59. h7 Ka8 60. h8=Q+ Ka7 61. Qhb8# { Black
checkmated } 1-0

[Event "ICC tourney 2533 (25 5)"]
[Site "Internet Chess Club"]
[Date "2021.04.24"]
[Round "2"]
[White "XIONG, LANG:K09-16344675"]
[Black "CASTLE, CHASE:K09-30017074"]
[Result "1-0"]
[ICCResult "Black resigns"]
[WhiteElo "1786"]
[BlackElo "1111"]
[Opening "Queen's pawn game"]
[ECO "D02"]
[NIC "QP.08"]
[Time "13:13:08"]
[PlyCount "57"]
[TimeControl "1500+5"]

1. d4 d5 2. Nf3 Bg4 3. e3 Nc6 4. c4 Bxf3 5. Qxf3 e6 6. Nc3 Nf6 7. cxd5 exd5
8. Bb5 Bb4 9. Bd2 Bxc3 10. Bxc3 O-O 11. O-O Qd7 12. Bd3 Qg4 13. Qxg4 Nxg4
14. h3 Nf6 15. Rac1 h6 16. f3 a6 17. e4 dxe4 18. fxe4 b5 19. d5 Ne7 20.
Bxf6 gxf6 21. Rxc7 Ng6 22. Rxf6 Rac8 23. Rxc8 Rxc8 24. Rxa6 Rc1+ 25. Kf2
Rc5 26. Ke3 Ne5 27. Kd4 Nxd3 28. Kxd3 Kg7 29. Rc6 { Black resigns } 1-0

[Event "ICC tourney 2533 (25 5)"]
[Site "Internet Chess Club"]
[Date "2021.04.24"]
[Round "2"]
[White "ZHAO, MILES:K09-15597206"]
[Black "IYER, ANEESH:K09-15577967"]
[Result "1-0"]
[ICCResult "Black checkmated"]
[WhiteElo "1843"]
[BlackElo "1146"]
[Opening "Robatsch (modern) defense"]
[ECO "B06"]
[NIC "KF.05"]
[Time "13:13:07"]
[PlyCount "47"]
[TimeControl "1500+5"]

1. e4 g6 2. d4 Bg7 3. Be3 e6 4. c3 Ne7 5. Nd2 d6 6. f4 Nd7 7. Ngf3 O-O 8.
Bd3 b6 9. O-O Bb7 10. Qe1 c6 11. Qg3 c5 12. f5 cxd4 13. Nxd4 exf5 14. exf5
Bxd4 15. Bxd4 Nxf5 16. Bxf5 Ba6 17. Rf4 Nf6 18. Rh4 Nh5 19. Rxh5 f6 20.
Bxg6 Qe7 21. Bxh7+ Kf7 22. Bg6+ Ke6 23. Bf5+ Kf7 24. Qg6# { Black
checkmated } 1-0

[Event "ICC tourney 2533 (25 5)"]
[Site "Internet Chess Club"]
[Date "2021.04.24"]
[Round "2"]
[White "THOMAS HOMAN DORFMAN, JOSH:K09-16684523"]
[Black "LUKOSE, JOYCE:K09-16437195"]
[Result "0-1"]
[ICCResult "White checkmated"]
[WhiteElo "533"]
[BlackElo "1298"]
[Opening "French: advance, Paulsen attack"]
[ECO "C02"]
[NIC "FR.03"]
[Time "13:12:14"]
[PlyCount "62"]
[TimeControl "1500+5"]

1. e4 e6 2. d4 d5 3. e5 c5 4. c3 Nc6 5. Nf3 f6 6. Bf4 Be7 7. Bb5 a6 8. Bd3
Qb6 9. Qc2 cxd4 10. cxd4 Nxd4 11. Nxd4 Qxd4 12. exf6 Nxf6 13. Be3 Qe5 14.
Nd2 O-O 15. Nf3 Qd6 16. Bd4 Bd7 17. Bxf6 Bxf6 18. Bxh7+ Kh8 19. Kf1 Rac8
20. Qg6 Bb5+ 21. Ke1 Qb4+ 22. Kd1 Qxb2 23. Rb1 Ba4+ 24. Ke1 Rc1+ 25. Rxc1
Qxc1+ 26. Ke2 Bb5+ 27. Qd3 Bxd3+ 28. Bxd3 Qxh1 29. Ke3 Qxg2 30. Nh4 Bxh4
31. a4 Qxf2# { White checkmated } 0-1

[Event "ICC tourney 2533 (25 5)"]
[Site "Internet Chess Club"]
[Date "2021.04.24"]
[Round "2"]
[White "MA, TRISTAN:K09-15699071"]
[Black "NGO, BACH:K09-15576043"]
[Result "0-1"]
[ICCResult "White resigns"]
[WhiteElo "1367"]
[BlackElo "2222"]
[Opening "Pirc defense"]
[ECO "B07"]
[NIC "PU.08"]
[Time "13:11:55"]
[PlyCount "78"]
[TimeControl "1500+5"]

1. e4 d6 2. d4 Nf6 3. Nc3 e5 4. dxe5 dxe5 5. Qxd8+ Kxd8 6. Nf3 Bd6 7. Bc4
Be6 8. Bxe6 fxe6 9. O-O Nc6 10. Bg5 Ke7 11. Rfe1 h6 12. Bxf6+ gxf6 13. Nb5
Rhc8 14. Nxd6 cxd6 15. c3 b5 16. Rad1 a5 17. Rd2 Ra6 18. Red1 Nb8 19. Nh4
Rg8 20. g3 Nd7 21. Ng2 Rc8 22. f4 Nc5 23. Re1 b4 24. cxb4 axb4 25. b3 Nd7
26. Nh4 Rc3 27. Red1 Nc5 28. Re1 Nd3 29. Re3 Nc1 30. Rxc3 bxc3 31. Rc2 Nxa2
32. Kf2 d5 33. exd5 exd5 34. fxe5 fxe5 35. Nf5+ Ke6 36. Ng7+ Kf7 37. Nf5 d4
38. Nxh6+ Rxh6 39. Rxa2 Rxh2+ { White resigns } 0-1

[Event "ICC tourney 2533 (25 5)"]
[Site "Internet Chess Club"]
[Date "2021.04.24"]
[Round "2"]
[White "RISHI VALLISHAYEE, RIBHAV:K09-15499101"]
[Black "HAMILTON, JACK:K09-16280602"]
[Result "0-1"]
[ICCResult "White checkmated"]
[WhiteElo "544"]
[BlackElo "1431"]
[Opening "Vienna gambit"]
[ECO "C29"]
[NIC "VG.04"]
[Time "13:12:31"]
[PlyCount "54"]
[TimeControl "1500+5"]

1. e4 e5 2. Nc3 Nf6 3. f4 d6 4. Nf3 Nc6 5. Bc4 Bg4 6. O-O Qd7 7. h3 Bxf3 8.
Qxf3 O-O-O 9. fxe5 Nxe5 10. Qe2 Qc6 11. Bxf7 Nxf7 12. d4 Re8 13. d5 Qd7 14.
Be3 Nxe4 15. Bxa7 Nxc3 16. Qf3 Ne2+ 17. Kh1 Ng5 18. Qa3 Ne4 19. Bd4 Qb5 20.
Rf7 Re7 21. Raf1 N4g3+ 22. Kh2 Nxf1+ 23. Kh1 Nfg3+ 24. Kh2 Rxf7 25. Qa8+
Kd7 26. c4 Rf1 27. cxb5 Rh1# { White checkmated } 0-1

[Event "ICC tourney 2533 (25 5)"]
[Site "Internet Chess Club"]
[Date "2021.04.24"]
[Round "2"]
[White "BALAJI IYER, SHRINIVAS:K09-16691948"]
[Black "BAI, ANDREAS:K09-16085755"]
[Result "1-0"]
[ICCResult "Black checkmated"]
[WhiteElo "1443"]
[BlackElo "540"]
[Opening "Giuoco Piano"]
[ECO "C54"]
[NIC "IG.02"]
[Time "13:13:21"]
[PlyCount "57"]
[TimeControl "1500+5"]

1. e4 e5 2. Nf3 Nc6 3. Bc4 Bc5 4. c3 Nf6 5. d4 exd4 6. cxd4 Bb4+ 7. Bd2
Nxe4 8. Bxb4 Nxb4 9. Bxf7+ Kxf7 10. Qb3+ Ke8 11. Qxb4 d6 12. O-O Bg4 13.
Qb3 Qf6 14. Re1 Qf4 15. Nbd2 Rd8 16. Rxe4+ Qxe4 17. Nxe4 Kd7 18. Neg5 Rhf8
19. h3 Bf5 20. Nh4 Rf6 21. Nxf5 Rxf5 22. Qe6+ Kc6 23. Rc1+ Kb6 24. Qxf5 a6
25. Ne6 Rb8 26. Rxc7 Ka7 27. Qe4 Ka8 28. Nd8 Rxd8 29. Qxb7# { Black
checkmated } 1-0

[Event "ICC tourney 2533 (25 5)"]
[Site "Internet Chess Club"]
[Date "2021.04.24"]
[Round "2"]
[White "GODLAVETI, PRACHETH:K09-15635626"]
[Black "ENRIQUEZ, EULALIO:K09-16621387"]
[Result "1-0"]
[ICCResult "Black resigns"]
[WhiteElo "1725"]
[BlackElo "1071"]
[Opening "Queen's bishop game"]
[ECO "D00"]
[NIC "QP.08"]
[Time "13:13:31"]
[PlyCount "49"]
[TimeControl "1500+5"]

1. d4 d5 2. Bf4 Nf6 3. Nf3 Bf5 4. e3 Nc6 5. Bd3 Bxd3 6. cxd3 e6 7. Nc3 Bb4
8. Ne5 Nxe5 9. dxe5 Ng4 10. Qxg4 Bxc3+ 11. bxc3 Qe7 12. O-O Qa3 13. Qxg7
O-O-O 14. Qxf7 Qxc3 15. Qxe6+ Kb8 16. Bg5 Rdg8 17. Bf6 Qxd3 18. Bxh8 Rxh8
19. Rad1 Qe4 20. Qxd5 Qh4 21. g3 Qg5 22. e6 Qxd5 23. Rxd5 Re8 24. e7 Rc8
25. Rd8 { Black resigns } 1-0

[Event "ICC tourney 2533 (25 5)"]
[Site "Internet Chess Club"]
[Date "2021.04.24"]
[Round "2"]
[White "UPADHYAY, PUNYAVRAT:K09-15975172"]
[Black "RAMASAMY, KAVIN:K09-16465450"]
[Result "1-0"]
[ICCResult "Black checkmated"]
[WhiteElo "1546"]
[BlackElo "915"]
[Opening "Caro-Kann: classical, 6.h4"]
[ECO "B18"]
[NIC "CK.11"]
[Time "13:12:24"]
[PlyCount "41"]
[TimeControl "1500+5"]

1. e4 c6 2. d4 d5 3. Nc3 dxe4 4. Nxe4 Bf5 5. Ng3 Bg6 6. h4 h6 7. h5 Bh7 8.
Nf3 Nf6 9. Bd3 Bxd3 10. Qxd3 Nbd7 11. Bd2 Nb6 12. c4 e6 13. O-O-O Qd7 14.
Ne5 Qd8 15. Ba5 Bd6 16. Qe3 Bc7 17. Bb4 g5 18. hxg6 fxg6 19. Nxg6 Rg8 20.
Qxe6+ Qe7 21. Qxe7# { Black checkmated } 1-0

[Event "ICC tourney 2533 (25 5)"]
[Site "Internet Chess Club"]
[Date "2021.04.24"]
[Round "2"]
[White "BHARGAVA, ANISH:K09-17325854"]
[Black "AWAD, STEELO:K09-16554876"]
[Result "0-1"]
[ICCResult "White checkmated"]
[WhiteElo "101"]
[BlackElo "876"]
[Opening "King's Indian: 5.Nf3"]
[ECO "E90"]
[NIC "KI.21"]
[Time "13:12:28"]
[PlyCount "64"]
[TimeControl "1500+5"]

1. d4 d6 2. c4 Nf6 3. Nf3 g6 4. Nc3 Bg7 5. e4 O-O 6. Bd3 Bg4 7. Bg5 Nc6 8.
h3 Bxf3 9. O-O Bxd1 10. Rfxd1 Nxd4 11. Nd5 c5 12. Be3 e5 13. Bg5 h6 14.
Bxf6 Bxf6 15. Nxf6+ Qxf6 16. a4 a6 17. a5 Nb3 18. Ra3 Nd4 19. Ra4 b5 20.
Ra3 b4 21. Ra4 Qg5 22. Be2 Nxe2+ 23. Kf1 Nf4 24. Rxd6 Qxg2+ 25. Ke1 Qg1+
26. Kd2 Qxf2+ 27. Kc1 Qe1+ 28. Rd1 Qe3+ 29. Rd2 Rfd8 30. Kc2 Rxd2+ 31. Kb1
Qb3 32. Ra2 Qd1# { White checkmated } 0-1

[Event "ICC tourney 2533 (25 5)"]
[Site "Internet Chess Club"]
[Date "2021.04.24"]
[Round "2"]
[White "GANESH, SAANJALI:K09-15003445"]
[Black "DANIEL VON HOFF, CHRISTOPHER:K09-15127660"]
[Result "0-1"]
[ICCResult "White checkmated"]
[WhiteElo "639"]
[BlackElo "1529"]
[Opening "Scotch: Göring gambit"]
[ECO "C44"]
[NIC "SO.06"]
[Time "13:11:52"]
[PlyCount "116"]
[TimeControl "1500+5"]

1. e4 e5 2. Nf3 Nc6 3. d4 exd4 4. c3 dxc3 5. Nxc3 Bb4 6. Bd2 d6 7. Bb5 Bd7
8. a3 Ba5 9. O-O Nf6 10. b4 Bb6 11. Bf4 O-O 12. Bg5 h6 13. Bxf6 Qxf6 14.
Nd5 Qd8 15. a4 a6 16. Be2 Ba7 17. Rc1 Re8 18. b5 axb5 19. axb5 Rxe4 20. Bd3
Re8 21. bxc6 Bxc6 22. Qb3 Bc5 23. Rce1 Ra3 24. Qc4 b5 25. Rxe8+ Qxe8 26.
Qe4 Qxe4 27. Bxe4 Kf8 28. Nf6 Bxe4 29. Nxe4 b4 30. Nxc5 dxc5 31. Ne5 Rc3
32. Rd1 f6 33. Nc6 b3 34. Rb1 b2 35. Kf1 Rc1+ 36. Ke2 Rxb1 37. Nd8 Re1+ 38.
Kxe1 b1=Q+ 39. Kd2 Qb2+ 40. Ke1 Qe5+ 41. Kf1 Qxh2 42. Ne6+ Ke7 43. Nxg7
Qh1+ 44. Ke2 Qxg2 45. Nf5+ Kd7 46. Nxh6 Qe4+ 47. Kd2 Qf4+ 48. Ke2 Qxh6 49.
Kd3 Kd6 50. Ke2 Kd5 51. f3 Kd4 52. Kf2 c4 53. f4 Qxf4+ 54. Kg2 Ke3 55. Kh3
Qg5 56. Kh2 Qg4 57. Kh1 Kf2 58. Kh2 Qg2# { White checkmated } 0-1

[Event "ICC tourney 2533 (25 5)"]
[Site "Internet Chess Club"]
[Date "2021.04.24"]
[Round "2"]
[White "CHANDRAN, HARISH:K09-15751871"]
[Black "SRI VELVADAPU, RENESH:K09-16880588"]
[Result "1-0"]
[ICCResult "Black checkmated"]
[WhiteElo "1561"]
[BlackElo "960"]
[Opening "English opening"]
[ECO "A20"]
[NIC "EO.25"]
[Time "13:13:53"]
[PlyCount "97"]
[TimeControl "1500+5"]

1. c4 e5 2. d3 Nc6 3. Nc3 d6 4. Nf3 Nf6 5. g3 Bg4 6. Bg2 Bxf3 7. exf3 Be7
8. O-O O-O 9. f4 exf4 10. Bxf4 h6 11. Rb1 Qd7 12. b4 a6 13. a4 b6 14. b5 a5
15. Bxc6 Qh3 16. Bg2 Qg4 17. Qxg4 Nxg4 18. Bxa8 Rxa8 19. Rbe1 Bf6 20. Nd5
Bc3 21. Nxc3 g5 22. Bd2 Kg7 23. Re7 h5 24. Bxg5 Kg6 25. h4 f6 26. Bf4 Rf8
27. Rfe1 Rg8 28. R1e6 Nh6 29. Bxh6 Kxh6 30. Rxf6+ Rg6 31. Rxg6+ Kxg6 32.
Rxc7 Kf6 33. Nd5+ Ke5 34. Rh7 Kd4 35. Rxh5 Kxd3 36. Nxb6 Kc3 37. Rd5 Kb4
38. h5 Kc3 39. h6 Kb3 40. h7 Kb4 41. Rd1 Kb3 42. Rb1+ Kc3 43. h8=Q+ Kc2 44.
Qb2+ Kd3 45. Rd1+ Ke4 46. Qd4+ Kf5 47. Qd5+ Kg4 48. Rd4+ Kh3 49. Rh4# {
Black checkmated } 1-0

[Event "ICC tourney 2533 (25 5)"]
[Site "Internet Chess Club"]
[Date "2021.04.24"]
[Round "2"]
[White "GUPTA, RANVIR:K09-16547074"]
[Black "CHAVA, TARUN:K09-15546970"]
[Result "1-0"]
[ICCResult "Black checkmated"]
[WhiteElo "166"]
[BlackElo "904"]
[Opening "Ruy Lopez: old Steinitz defense"]
[ECO "C62"]
[NIC "RL.02"]
[Time "13:13:31"]
[PlyCount "73"]
[TimeControl "1500+5"]

1. e4 e5 2. Nf3 Nc6 3. Bb5 d6 4. O-O Bd7 5. Nc3 Nf6 6. d3 a6 7. Bxc6 Bxc6
8. Bg5 Be7 9. Bxf6 Bxf6 10. Nd5 Bxd5 11. exd5 O-O 12. c3 Qd7 13. d4 exd4
14. Nxd4 Bxd4 15. Qxd4 Rfe8 16. Rfe1 Qf5 17. Rxe8+ Rxe8 18. g3 h6 19. g4
Qc2 20. Qa4 Re5 21. Qxc2 Rxd5 22. Qb3 Rg5 23. h3 h5 24. Qxb7 hxg4 25. Qc8+
Kh7 26. hxg4 c5 27. Qxa6 Rxg4+ 28. Kf1 Rh4 29. Ke2 Re4+ 30. Kd3 Rf4 31.
Rh1+ Kg6 32. Qxd6+ Kg5 33. Qxc5+ Kg4 34. Qf8 Rf3+ 35. Ke2 Rf5 36. Qxg7+ Kf4
37. Rh4# { Black checkmated } 1-0

[Event "ICC tourney 2533 (25 5)"]
[Site "Internet Chess Club"]
[Date "2021.04.24"]
[Round "2"]
[White "UZ, KAGAN:K09-16434922"]
[Black "REMPE, LENNIK:K09-15868931"]
[Result "1-0"]
[ICCResult "Black checkmated"]
[WhiteElo "1809"]
[BlackElo "1144"]
[Opening "Queen's pawn: Chigorin variation"]
[ECO "D00"]
[NIC "QP.08"]
[Time "13:12:49"]
[PlyCount "41"]
[TimeControl "1500+5"]

1. d4 d5 2. Nc3 Nf6 3. Bf4 e6 4. e3 Be7 5. g4 O-O 6. g5 Ne4 7. Nxe4 dxe4 8.
h4 f6 9. Bg2 fxg5 10. hxg5 Bxg5 11. Bxe4 e5 12. Bxh7+ Kh8 13. Bg6+ Bh6 14.
Bxh6 gxh6 15. Qh5 Kg7 16. Qxh6+ Kf6 17. dxe5+ Kxe5 18. f4+ Kd6 19. O-O-O+
Kc5 20. Rh5+ Kc6 21. Be4# { Black checkmated } 1-0

[Event "ICC tourney 2533 (25 5)"]
[Site "Internet Chess Club"]
[Date "2021.04.24"]
[Round "2"]
[White "GOLSEFIDY, SEPEHR:K09-16686975"]
[Black "DEVANGAN, ANMOL:K09-16768913"]
[Result "1-0"]
[ICCResult "Black checkmated"]
[WhiteElo "1882"]
[BlackElo "634"]
[Opening "Giuoco Piano"]
[ECO "C53"]
[NIC "IG.02"]
[Time "13:13:53"]
[PlyCount "59"]
[TimeControl "1500+5"]

1. e4 e5 2. Nf3 Nc6 3. Bc4 Bc5 4. c3 Bb6 5. d4 d6 6. dxe5 dxe5 7. Qe2 Bg4
8. O-O Qf6 9. Nbd2 O-O-O 10. b4 Qg6 11. Kh1 a5 12. b5 Na7 13. h3 Bd7 14.
Nxe5 Qg5 15. Nxf7 Qg6 16. Nxh8 Qe8 17. Nf7 Be6 18. Bxe6+ Qxe6 19. Nxd8 Kxd8
20. Nf3 Qd7 21. Bg5+ Kc8 22. Rad1 Qe8 23. Rd8+ Qxd8 24. Bxd8 Kxd8 25. Rd1+
Kc8 26. Qc4 Nf6 27. Qe6+ Kb8 28. Rd8+ Nc8 29. Qxc8+ Ka7 30. Qa8# { Black
checkmated } 1-0

[Event "ICC tourney 2533 (25 5)"]
[Site "Internet Chess Club"]
[Date "2021.04.24"]
[Round "2"]
[White "BINOY JANI, DEVEN:K09-16503178"]
[Black "MELILLO, LUCIUS:K09-15570195"]
[Result "1-0"]
[ICCResult "Black checkmated"]
[WhiteElo "1185"]
[BlackElo "1881"]
[Opening "Petrov's defense"]
[ECO "C42"]
[NIC "RG.03"]
[Time "13:12:11"]
[PlyCount "69"]
[TimeControl "1500+5"]

1. e4 e5 2. Nf3 Nf6 3. Nxe5 d6 4. Nf3 Nxe4 5. Bd3 Nf6 6. O-O Be7 7. c3 O-O
8. Bc2 Bg4 9. h3 Bh5 10. d4 d5 11. Be3 c6 12. Nbd2 Nbd7 13. Qc1 Bg6 14. Ne5
Bxc2 15. Qxc2 Ne8 16. Ndf3 f6 17. Nd3 Nd6 18. Nf4 Re8 19. Rfe1 Ne4 20. Nd2
Nxd2 21. Bxd2 Bd6 22. Ne6 Qc8 23. Re3 Nf8 24. Nxf8 Rxe3 25. Qxh7+ Kxf8 26.
Bxe3 Kf7 27. Qh5+ Ke7 28. Re1 Qh8 29. Bf4+ Kd7 30. Qf7+ Kc8 31. Bxd6 Qd8
32. Re8 a5 33. Rxd8+ Kxd8 34. Qe7+ Kc8 35. Qc7# { Black checkmated } 1-0

[Event "ICC tourney 2533 (25 5)"]
[Site "Internet Chess Club"]
[Date "2021.04.24"]
[Round "2"]
[White "ZHOU, ARTHUR:K09-17305955"]
[Black "MAHAJAN, EASHAN:K09-16803522"]
[Result "0-1"]
[ICCResult "White resigns"]
[WhiteElo "105"]
[BlackElo "885"]
[Opening "Giuoco Pianissimo: Italian four knights variation"]
[ECO "C47"]
[NIC "KP.06"]
[Time "13:14:11"]
[PlyCount "80"]
[TimeControl "1500+5"]

1. e4 e5 2. Nf3 Nc6 3. Nc3 Nf6 4. Bc4 Bc5 5. d3 h6 6. O-O O-O 7. h3 d6 8.
Nd5 a6 9. a3 b5 10. Bb3 Nd4 11. Nxd4 Bxd4 12. Nxf6+ Qxf6 13. Qe2 Qg6 14. g3
Bxh3 15. Re1 Qf6 16. Be3 Bxb2 17. Rab1 Bxa3 18. Qh5 Be6 19. Bxe6 Qxe6 20.
g4 Qg6 21. Qxg6 fxg6 22. f3 Rxf3 23. Rb3 Bc5 24. Bxc5 dxc5 25. Rbb1 Raf8
26. Rf1 Rxf1+ 27. Rxf1 Rxf1+ 28. Kxf1 Kf7 29. Kf2 Kf6 30. Kf3 Kg5 31. c3 a5
32. d4 cxd4 33. cxd4 exd4 34. Ke2 Kf4 35. Kd3 a4 36. Kxd4 a3 37. e5 a2 38.
e6 a1=Q+ 39. Kd5 Qa8+ 40. Kd4 Qe8 { White resigns } 0-1

[Event "ICC tourney 2533 (25 5)"]
[Site "Internet Chess Club"]
[Date "2021.04.24"]
[Round "2"]
[White "GAO, JERRY:K09-16753890"]
[Black "JOHN DETTMER, JAMES:K09-17011887"]
[Result "1-0"]
[ICCResult "Black checkmated"]
[WhiteElo "877"]
[BlackElo "159"]
[Opening "Philidor's defense"]
[ECO "B07"]
[NIC "KP.08"]
[Time "13:13:31"]
[PlyCount "87"]
[TimeControl "1500+5"]

1. e4 d6 2. d4 e5 3. Nf3 b6 4. d5 c6 5. c4 cxd5 6. Qxd5 Bb7 7. Qxb7 Qd7 8.
Qxa8 d5 9. Qxd5 Qxd5 10. cxd5 f6 11. Bb5+ Ke7 12. Bd2 Kd8 13. a3 g5 14. h3
h6 15. Bb4 a6 16. Bc6 Nxc6 17. dxc6 a5 18. Bxf8 h5 19. O-O Rh7 20. Bd6 g4
21. hxg4 hxg4 22. Nh2 g3 23. fxg3 b5 24. Nc3 Kc8 25. Nxb5 Nh6 26. c7 Ng4
27. Nxg4 Rg7 28. Nxf6 Rf7 29. Bxe5 a4 30. Rad1 Rxf6 31. Rd8+ Kb7 32. c8=Q+
Kb6 33. Qb8+ Kc5 34. Rd5+ Kc4 35. Rc1+ Kb3 36. Nd4+ Ka2 37. b4 Kxa3 38.
Bxf6 Ka2 39. Rc2+ Ka3 40. Rc3+ Ka2 41. Nf3 Kb2 42. Rd2+ Kb1 43. Qb5 a3 44.
Qf1# { Black checkmated } 1-0

[Event "ICC tourney 2533 (25 5)"]
[Site "Internet Chess Club"]
[Date "2021.04.24"]
[Round "2"]
[White "KALOUDIS, SEAN:K09-15106731"]
[Black "BHOOMA, HRISHI:K09-15435134"]
[Result "1-0"]
[ICCResult "Black checkmated"]
[WhiteElo "1714"]
[BlackElo "1064"]
[Opening "Queen's pawn"]
[ECO "A40"]
[NIC "QO.17"]
[Time "13:13:02"]
[PlyCount "51"]
[TimeControl "1500+5"]

1. d4 e6 2. Nf3 Ne7 3. g3 g6 4. Bg2 Bg7 5. O-O O-O 6. c4 d5 7. Nc3 dxc4 8.
Qa4 Nbc6 9. Qxc4 Nxd4 10. Rd1 Nef5 11. Nxd4 Nxd4 12. e3 e5 13. exd4 exd4
14. Nb5 c6 15. Nxd4 Bg4 16. Rd3 Qe7 17. Be3 Rad8 18. Nxc6 bxc6 19. Rxd8
Rxd8 20. Qxg4 Bxb2 21. Rb1 Bg7 22. Bxc6 h5 23. Qf3 Bd4 24. Rb7 Qa3 25.
Qxf7+ Kh8 26. Qh7# { Black checkmated } 1-0

[Event "ICC tourney 2533 (25 5)"]
[Site "Internet Chess Club"]
[Date "2021.04.24"]
[Round "2"]
[White "LEWIS, CHERISH:K09-17283122"]
[Black "BRUM, CHARLES:K09-30020736"]
[Result "0-1"]
[ICCResult "White checkmated"]
[WhiteElo "218"]
[BlackElo "910"]
[Opening "Giuoco Piano"]
[ECO "C50"]
[NIC "IG.02"]
[Time "13:16:23"]
[PlyCount "40"]
[TimeControl "1500+5"]

1. e4 e5 2. Nf3 Nc6 3. Bc4 Bc5 4. Ng5 d5 5. Bxd5 Qxg5 6. d3 Qxg2 7. Rf1 Qg6
8. Qf3 Nf6 9. Bc4 Bg4 10. Qg2 Be6 11. Qf3 Bxc4 12. dxc4 O-O-O 13. Nc3 Nd4
14. Qh1 Nxc2+ 15. Ke2 Nxa1 16. Rg1 Qh5+ 17. f3 Bxg1 18. Qxg1 Qg6 19. Qxa7
Qg2+ 20. Ke1 Nc2# { White checkmated } 0-1

[Event "ICC tourney 2533 (25 5)"]
[Site "Internet Chess Club"]
[Date "2021.04.24"]
[Round "2"]
[White "WU, WILLIAM:K09-15782241"]
[Black "REVES, YIANNI:K09-16805341"]
[Result "1-0"]
[ICCResult "Black checkmated"]
[WhiteElo "1854"]
[BlackElo "1184"]
[Opening "French: advance, Paulsen attack"]
[ECO "C02"]
[NIC "FR.03"]
[Time "13:13:47"]
[PlyCount "41"]
[TimeControl "1500+5"]

1. e4 e6 2. d4 d5 3. e5 c5 4. c3 Nc6 5. Nf3 Qb6 6. a3 Nh6 7. b4 cxd4 8.
cxd4 Nf5 9. Bb2 Bd7 10. g4 Nh6 11. h3 Be7 12. Nc3 f5 13. g5 Nf7 14. h4 h6
15. g6 Nfd8 16. Na4 Qc7 17. Rc1 a6 18. Nc3 O-O 19. Ng5 hxg5 20. Qh5 gxh4
21. Qh7# { Black checkmated } 1-0

[Event "ICC tourney 2533 (25 5)"]
[Site "Internet Chess Club"]
[Date "2021.04.24"]
[Round "2"]
[White "KOLLI, SAI:K09-16397773"]
[Black "J REEMALA, ANISH:K09-15202281"]
[Result "0-1"]
[ICCResult "White resigns"]
[WhiteElo "1507"]
[BlackElo "615"]
[Opening "Caro-Kann: Tartakower (Nimzovich) variation"]
[ECO "B15"]
[NIC "CK.06"]
[Time "13:23:29"]
[PlyCount "48"]
[TimeControl "1500+5"]

1. e4 c6 2. d4 d5 3. Nc3 dxe4 4. Nxe4 Nf6 5. Nxf6+ exf6 6. Nf3 Bg4 7. c3
Be7 8. Be2 O-O 9. h3 Bf5 10. Bd3 Bxd3 11. Qxd3 Re8 12. Be3 Bd6 13. O-O Nd7
14. Rfe1 Qb6 15. Re2 c5 16. d5 Qc7 17. c4 a6 18. Rae1 b5 19. b3 Nb6 20. Rc1
bxc4 21. bxc4 Rab8 22. Rb1 Na4 23. Rb3 Rxb3 24. Qc3 Nxc3 { White resigns }
0-1

[Event "ICC tourney 2533 (25 5)"]
[Site "Internet Chess Club"]
[Date "2021.04.24"]
[Round "2"]
[White "KRISHNAN, SAATVIK:K09-15210955"]
[Black "ALEXANDER MORGAN, CAMERON:K09-15934151"]
[Result "1-0"]
[ICCResult "Black checkmated"]
[WhiteElo "1797"]
[BlackElo "1111"]
[Opening "English: symmetrical variation"]
[ECO "A30"]
[NIC "EO.64"]
[Time "13:11:27"]
[PlyCount "49"]
[TimeControl "1500+5"]

1. c4 c5 2. g3 d6 3. Bg2 Nf6 4. Nf3 e6 5. O-O Be7 6. Nc3 Nc6 7. d3 b6 8.
Ne5 Nxe5 9. Bxa8 d5 10. f4 Ng6 11. Bc6+ Kf8 12. Qb3 Qd6 13. cxd5 exd5 14.
Bxd5 Nxd5 15. Qxd5 Be6 16. Qxd6 Bxd6 17. f5 Bd7 18. fxg6 Bh3 19. Rxf7+ Kg8
20. Rxa7 c4 21. Ra8+ Bf8 22. Nd5 hxg6 23. Bg5 Kh7 24. Ra7 b5 25. Nf6# {
Black checkmated } 1-0

[Event "ICC tourney 2533 (25 5)"]
[Site "Internet Chess Club"]
[Date "2021.04.24"]
[Round "2"]
[White "TERANCE JOE HESTON, NITISH JOSON:K09-17107894"]
[Black "SURESH, ISAAC:K09-15949243"]
[Result "1-0"]
[ICCResult "Black checkmated"]
[WhiteElo "1041"]
[BlackElo "488"]
[Opening "King's Indian: 5.Nf3"]
[ECO "E90"]
[NIC "KI.21"]
[Time "13:12:51"]
[PlyCount "71"]
[TimeControl "1500+5"]

1. d4 Nf6 2. c4 g6 3. Nc3 Bg7 4. e4 d6 5. Nf3 O-O 6. Bd3 Bg4 7. O-O Nbd7 8.
h3 Bxf3 9. Qxf3 Ne8 10. Be3 Nb6 11. Qe2 Rc8 12. b4 Nf6 13. Rab1 Nbd7 14.
Rfc1 Re8 15. a3 b6 16. a4 c5 17. bxc5 bxc5 18. d5 e5 19. Nb5 a6 20. Nxd6
Rb8 21. Nxe8 Rxb1 22. Nxf6+ Bxf6 23. Rxb1 Qa5 24. Qa2 Nb6 25. Bxc5 Qxc5 26.
a5 Nd7 27. Qa4 Bh4 28. Rf1 Qd4 29. Qxd7 Qxd3 30. Qe8+ Kg7 31. Qxe5+ f6 32.
Qe7+ Kh6 33. d6 Qa3 34. Qf8+ Kh5 35. g4+ Kg5 36. f4# { Black checkmated }
1-0